 Dungeon Crawl Stone Soup version 0.19.5 (webtiles) character file.

47 wolfsongas the Grave Robber (level 3, -2/26 HPs)
             Began as a Hill Orc Necromancer on May 3, 2017.
             Slain by a goblin
             ... wielding a +0 club
             ... led by Robin
              (6 damage)
             ... on level 2 of the Dungeon.
             The game lasted 00:07:58 (1850 turns).

wolfsongas the Grave Robber (Hill Orc Necromancer)  Turns: 1850, Time: 00:07:59

Health: -2/26      AC:  3    Str: 10    XL:     3   Next: 70%
Magic:  0/6        EV: 12    Int: 21    God:
Gold:   82         SH:  0    Dex: 11    Spells: 3 memorised, 1 level left

rFire  . . .     SeeInvis .     f - +0 club
rCold  . . .     Gourm    .     a - +1 robe
rNeg   . . .     Faith    .     (no shield)
rPois  .         Spirit   .     (no helmet)
rElec  .         Reflect  .     (no cloak)
rCorr  .         Harm     .     (no gloves)
MR     .....                    (no boots)
Stlth  ++........               e - amulet of regeneration
                                (no ring)
                                (no ring)

@: brilliant
A: no striking features
a: no special abilities


You were on level 2 of the Dungeon.
You were not hungry.

You visited 1 branch of the dungeon, and saw 2 of its levels.

You collected 82 gold pieces.

Inventory:

Hand Weapons
 f - a +0 club (weapon)
Armour
 a - a +1 robe (worn)
Jewellery
 e - an amulet of regeneration (around neck)
Scrolls
 d - a scroll of remove curse
 h - a scroll of identify
Books
 b - a book of Necromancy

   Spells                             Type                      Level
   a - Pain                           Necromancy                   1
   b - Animate Skeleton               Necromancy                   1
   c - Vampiric Draining              Necromancy                   3
   d - Regeneration                   Charms/Necromancy            3
   e - Animate Dead                   Necromancy                   4
   f - Control Undead                 Necromancy                   4
Comestibles
 c - 2 chunks of flesh


   Skills:
 - Level 0.2 Fighting
 - Level 0.2 Maces & Flails
 + Level 1.9 Dodging
 - Level 1.6 Stealth
 + Level 2.1 Spellcasting
 * Level 4.6 Necromancy


You had one spell level left.
You knew the following spells:

 Your Spells              Type           Power        Failure   Level  Hunger
a - Pain                  Necr           ####         1%          1    #......
b - Animate Skeleton      Necr           N/A          1%          1    #......
c - Vampiric Draining     Necr           ####......   1%          3    ###....


Dungeon Overview and Level Annotations

Branches:
Dungeon (2/15)

Altars:
Okawaru

Annotations:
D:2 Robin


Message History

* * * LOW HITPOINT WARNING * * *
The goblin barely misses you.
You hit the goblin.
The goblin is heavily wounded.
The goblin barely misses you. The goblin hits you.
* * * LOW HITPOINT WARNING * * *
The goblin closely misses you.
Okay, then.
Casting: Pain
Confirm with . or Enter, or press ? or * to list all spells.
You don't have enough magic to cast that spell.
Casting: Pain
Confirm with . or Enter, or press ? or * to list all spells.
Aiming: Pain
Press: ? - help, Shift-Dir - straight line, f - goblin, p - goblin
Aim: a goblin (heavily wounded, unusually strong, chance to defeat MR: 93%)
The goblin writhes in agony!
You kill the goblin!
The goblin hits you with a club.
You die...

........## .....#.#
##......# ...#.#.#.####...
........####......#........
(.............#...#........
.(............#...#........
..............#............
................#..........
..............###gg........
...........(...)@gg........
........##########gg.......
...........................
...........................
...........................
..#............#+###.......
..#............# .....g.
..#............# .......
..#............# ......g


You could see Robin and 5 goblins.

Vanquished Creatures
  An adder (D:2)
  A leopard gecko (D:1)
  4 bats
  10 goblins
  A hobgoblin (D:2)
  2 jackals (D:1)
  3 frilled lizards (D:2)
  7 kobolds
  7 rats
36 creatures vanquished.

Notes
Turn   | Place    | Note
-------+----------+-------------------------------------------
     0 | D:1      | wolfsongas the Hill Orc Necromancer began the quest for the Orb.
     0 | D:1      | Reached XP level 1. HP: 14/14 MP: 3/3
    21 | D:1      | Learned a level 1 spell: Animate Skeleton
   245 | D:1      | Reached XP level 2. HP: 7/20 MP: 0/4
  1413 | D:1      | Reached XP level 3. HP: 26/26 MP: 5/5
  1418 | D:1      | Learned a level 3 spell: Vampiric Draining
  1602 | D:2      | Found an iron altar of Okawaru.
  1832 | D:2      | Noticed Robin
  1850 | D:2      | Slain by a goblin

Skill      XL: |  1  2  3 |
---------------+----------+-----
Spellcasting   | 2 |  2.1
Fighting       | |  0.2
Maces & Flails | |  0.2
Dodging        | |  1.9
Stealth        | |  1.6
Necromancy     | |  4.6

Action                   || total
-------------------------++-------
Melee: Club              ||    81
       Unarmed           ||     1
 Cast: Pain              ||    29
       Vampiric Draining ||     1
  Use: Scroll            ||     4
       Potion            ||     2
 Stab: Sleeping          ||     1
  Eat: Bread ration      ||     1
       Beef jerky        ||     1
Armor: Robe              ||    50
Dodge: Dodged            ||   113
